Map: Fields of Death

Players

Duncan - Winner!

  • Race: Protoss Protoss

EdibleDXX - Winner!

  • Race: Terran Terran

A.I. 2 (Harder)

  • Race: Terran Terran

A.I. 3 (Harder)

  • Race: Terran Terran

VOD

Have the link to the VOD?

Description

Time

  • Played on: Dec. 22, 2015, 9:55 p.m.
  • Length: 33:45
Show
View Real Time Build Order
Export as new Build Order

Duncan Protoss - Winner!

Build Orders:  

Get SALT Encoding   

  12  0:09  Probe (Chrono Boost)  
  13  0:19  Probe (Chrono Boost)  
  14  0:29  Pylon  
  14  0:37  Probe (Chrono Boost)  
  15  0:44  Assimilator  
  15  0:47  Probe (Chrono Boost)  
  16  0:55  Forge  
  16  1:21  Pylon  
  16  1:28  Pylon  
  16  1:41  Gateway  
  16  2:16  Photon Cannon  
  16  2:17  Photon Cannon  
  16  2:23  Photon Cannon  
  16  2:27  Photon Cannon  
  16  2:30  Photon Cannon  
  16  2:34  Photon Cannon  
  16  2:51  Photon Cannon  
  16  2:53  Photon Cannon  
  16  3:00  Photon Cannon  
  16  3:02  Photon Cannon  
  16  3:13  Photon Cannon  
  16  3:40  Cybernetics Core  
  16  3:44  Gateway  
  16  3:48  Pylon  
  16  3:54  Pylon  
  16  4:14  Pylon  
  16  4:19  Pylon  
  16  4:31  Warp Gate (Chrono Boost)  
  16  4:49  Gateway  
  16  5:06  Photon Cannon  
  16  5:10  Photon Cannon  
  16  5:13  Photon Cannon  
  16  5:23  Pylon  
  16  5:42  Assimilator  
  16  6:02  Photon Cannon  
  16  6:04  Photon Cannon  
  16  6:12  Photon Cannon  
  16  6:16  Photon Cannon  
  16  6:32  Probe  
  17  6:44  Probe  
  18  7:00  Nexus  
  18  7:37  Nexus  
  18  7:56  Pylon  
  18  8:00  Mothership Core  
  20  8:10  Probe  
  21  8:21  Probe  
  22  8:32  Probe  
  23  8:42  Probe  
  23  8:48  Probe  
  24  8:53  Probe  
  26  8:59  Probe  
  27  9:03  Probe  
  27  9:09  Probe  
  28  9:11  Stargate  
  28  9:14  Probe  
  30  9:20  Probe  
  31  9:30  Probe  
  32  9:49  Stargate  
  32  10:01  Photon Cannon  
  32  10:03  Photon Cannon  
  32  10:09  Photon Cannon  
  32  10:20  Probe  
  32  10:21  Fleet Beacon  
  33  10:29  Assimilator  
  33  10:30  Probe  
  33  10:32  Assimilator  
  33  10:33  Probe  
  35  10:41  Probe  
  36  10:44  Probe  
  37  10:51  Probe  
  37  10:54  Probe  
  37  10:55  Robotics Facility  
  37  10:56  Robotics Facility  
  39  11:02  Probe  
  40  11:05  Probe  
  47  11:14  Protoss Air Weapons Level 1 (Chrono Boost)  
  47  11:16  Probe  
  48  11:24  Protoss Shields Level 1 (Chrono Boost)  
  48  12:00  Probe  
  49  12:12  Probe  
  50  12:15  Assimilator  
  50  12:21  Assimilator  
  50  12:24  Probe  
  50  12:27  Probe  
  52  12:37  Probe  
  53  12:38  Probe  
  54  12:48  Probe  
  54  12:49  Probe  
  56  12:52  Protoss Air Armor Level 1  
  56  13:01  Probe  
  57  13:06  Pylon, Protoss Ground Armor Level 1 (Chrono Boost)  
  57  13:10  Pylon  
  57  14:01  Tempest  
  61  14:03  Tempest  
  61  14:06  Immortal  
  61  14:09  Immortal  
  73  14:21  Pylon  
  73  14:26  Pylon  
  73  14:34  Pylon  
  73  14:43  Tempest  
  73  14:45  Immortal, Protoss Ground Weapons Level 1 (Chrono Boost)  
  77  14:46  Tempest  
  77  14:48  Immortal  
  77  14:50  Photon Cannon  
  89  14:53  Photon Cannon  
  89  14:55  Photon Cannon  
  89  14:59  Photon Cannon  
  89  15:25  Immortal  
  89  15:26  Tempest  
  89  15:28  Immortal, Tempest  
  101  15:30  Pylon  
  101  15:34  Protoss Air Weapons Level 2, Pylon  
  105  15:38  Twilight Council  
  105  15:50  Pylon  
  105  16:22  Tempest  
  105  16:25  Tempest  
  113  16:28  Immortal  
  113  16:31  Immortal  
  121  17:05  Tempest  
  121  17:08  Immortal, Tempest  
  133  17:14  Immortal  
  137  17:32  Protoss Air Armor Level 2  
  137  17:44  Nexus  
  137  17:56  Immortal  
  141  18:04  Immortal  
  145  18:33  Assimilator  
  145  18:37  Assimilator  
  145  20:05  Immortal  
  149  20:08  Immortal  
  149  20:11  Tempest  
  149  20:13  Tempest  
  161  20:44  Immortal  
  161  20:47  Immortal  
  161  20:49  Protoss Air Weapons Level 3  
  169  20:54  Tempest  
  169  20:56  Tempest  
  177  21:08  Protoss Ground Weapons Level 2 (Chrono Boost)  
  177  21:37  Pylon  
  177  21:38  Pylon  
  177  21:41  Pylon  
  177  21:42  Pylon  
  177  21:55  Immortal x2  
  185  22:34  Immortal x2  
  177  23:05  Protoss Ground Armor Level 2 (Chrono Boost)  
  113  23:20  Protoss Air Armor Level 3  
  113  23:40  Mothership Core (Chrono Boost)  
  119  23:48  Immortal (Chrono Boost)  
  119  23:51  Immortal (Chrono Boost)  
  123  24:26  Immortal (Chrono Boost)  
  123  24:28  Immortal (Chrono Boost)  
  141  25:00  Immortal (Chrono Boost)  
  141  25:03  Immortal (Chrono Boost)  
  145  25:14  Protoss Shields Level 2  
  145  25:35  Immortal (Chrono Boost)  
  149  25:37  Immortal (Chrono Boost)  
  153  26:09  Immortal (Chrono Boost)  
  153  26:11  Immortal (Chrono Boost)  
  161  26:43  Immortal (Chrono Boost)  
  161  26:45  Immortal (Chrono Boost)  
  169  27:17  Immortal (Chrono Boost)  
  169  27:19  Immortal (Chrono Boost)  
  181  27:51  Immortal (Chrono Boost)  
  181  27:53  Immortal (Chrono Boost)  
  153  32:11  Immortal (Chrono Boost)  
  153  32:15  Immortal (Chrono Boost)  
  157  32:16  Tempest  
  157  32:19  Tempest  
  161  32:45  Immortal (Chrono Boost)  
  161  32:49  Immortal (Chrono Boost)  
  169  32:59  Tempest  
  169  33:02  Tempest  
Show
View Real Time Build Order
Export as new Build Order

EdibleDXX Terran - Winner!

Build Orders:  

Get SALT Encoding   

  12  0:04  SCV  
  13  0:16  SCV  
  14  0:26  Supply Depot  
  14  0:28  SCV  
  15  0:37  Refinery  
  15  0:39  Refinery  
  15  0:52  Barracks  
  15  0:53  SCV  
  16  1:05  SCV  
  17  1:17  SCV  
  18  1:29  SCV  
  19  1:41  SCV  
  19  1:42  Factory  
  19  1:43  Marine  
  21  1:53  SCV  
  22  1:55  Supply Depot  
  22  2:01  Marine  
  22  2:03  Engineering Bay  
  23  2:21  Barracks Tech Lab  
  23  2:25  Supply Depot  
  23  2:40  Sensor Tower  
  23  2:55  Factory Tech Lab  
  23  3:00  Starport  
  23  3:14  Orbital Command  
  23  3:22  Command Center  
  23  3:28  Neosteel Frame  
  23  3:47  SCV  
  24  3:59  SCV  
  24  4:01  Starport Tech Lab  
  25  4:10  Engineering Bay  
  25  4:11  SCV  
  25  4:14  Marine  
  27  4:23  SCV  
  27  4:24  Medivac  
  30  4:32  Marine  
  30  4:35  SCV  
  32  4:40  Armory  
  32  4:50  Marine  
  33  4:54  Command Center  
  33  4:56  Orbital Command  
  33  5:00  SCV  
  34  5:10  Siege Tank  
  37  5:33  SCV x2, Fusion Core  
  39  5:38  Refinery  
  39  5:42  Refinery  
  39  5:45  SCV x2  
  41  5:57  SCV x2  
  41  6:02  Liberator  
  43  6:09  SCV x2  
  46  6:15  Orbital Command  
  45  6:21  SCV x2  
  50  6:29  Missile Turret  
  50  6:33  SCV x2  
  52  6:45  SCV  
  53  6:47  SCV x2  
  53  6:50  Missile Turret  
  55  6:58  SCV  
  55  6:59  SCV x2  
  58  7:10  SCV  
  58  7:11  SCV, Missile Turret  
  58  7:12  SCV  
  58  7:14  Terran Ship Weapons Level 1  
  61  7:22  SCV  
  62  7:23  SCV  
  62  7:28  Factory  
  63  7:32  Missile Turret  
  63  7:35  Starport  
  63  7:53  Supply Depot, Missile Turret  
  63  7:58  Refinery  
  63  8:02  Refinery  
  63  8:14  Missile Turret  
  63  8:17  Supply Depot  
  63  8:28  Factory Tech Lab  
  63  8:31  Starport Tech Lab  
  63  8:35  Missile Turret, Marine  
  63  8:38  Siege Tank  
  67  8:42  Supply Depot  
  67  8:53  Marine  
  68  9:06  Supply Depot  
  68  9:10  Siege Tank  
  68  9:11  Siege Tank, Marine  
  75  9:28  Marine  
  75  9:30  Supply Depot  
  76  9:35  Viking  
  76  9:36  Viking  
  80  9:42  Siege Tank  
  80  9:43  Siege Tank  
  86  9:46  Marine  
  87  9:55  Supply Depot  
  87  10:04  Marine  
  87  10:05  Viking  
  87  10:06  Viking  
  92  10:14  Siege Tank  
  92  10:15  Siege Tank  
  92  10:18  Supply Depot  
  98  10:22  Missile Turret, Marine  
  99  10:32  Terran Infantry Weapons Level 1, Terran Infantry Armor Level 1  
  99  10:35  Viking, Terran Vehicle Weapons Level 1  
  99  10:36  Viking  
  99  10:40  Marine  
  99  10:41  Supply Depot, Weapon Refit  
  104  10:44  Explosive Shrapnel Shells  
  104  10:45  Armory  
  104  10:46  Siege Tank, Corvid Reactor, Missile Turret  
  104  10:49  Combat Shields  
  107  11:05  Supply Depot  
  107  11:20  Sensor Tower  
  107  11:24  Behemoth Reactor  
  107  11:31  Supply Depot  
  107  11:42  Terran Ship Weapons Level 2  
  107  11:51  Siege Tank x2  
  107  11:53  Viking x2  
  117  11:55  Supply Depot  
  117  12:01  Mag-Field Accelerator  
  117  12:02  Missile Turret  
  117  12:23  Viking x2, Siege Tank x2  
  117  12:25  Missile Turret  
  117  12:26  Hi-Sec Auto Tracking, Building Armor  
  117  12:29  Terran Vehicle And Ship Armor Level 1, Starport  
  127  12:43  Supply Depot  
  127  12:47  Missile Turret  
  127  12:49  Marine  
  128  12:53  Viking x2  
  128  12:55  Siege Tank x2  
  138  13:05  Starport Tech Lab  
  138  13:07  Marine  
  138  13:08  Supply Depot  
  139  13:14  Missile Turret  
  139  13:23  Viking x2  
  139  13:25  Marine  
  141  13:27  Siege Tank x2  
  141  13:31  Supply Depot  
  147  13:43  Marine  
  139  13:53  Medivac  
  134  13:55  Supply Depot  
  134  13:59  Siege Tank  
  134  14:00  Marine  
  138  14:04  Battlecruiser x2  
  150  14:20  Supply Depot  
  150  14:23  Battlecruiser  
  156  14:53  Siege Tank x2  
  162  15:23  Marine  
  162  15:25  Siege Tank x2  
  169  15:41  Marine  
  176  15:58  Marine  
  177  16:16  Marine  
  172  16:27  Battlecruiser  
  172  16:28  Battlecruiser x2  
  190  16:34  Marine  
  191  16:50  Terran Infantry Weapons Level 2, Terran Infantry Armor Level 2  
  191  16:55  Terran Vehicle Weapons Level 2  
  191  18:12  Orbital Command  
  191  18:15  Sensor Tower  
  191  18:36  Sensor Tower  
  191  18:50  Sensor Tower  
  175  19:47  Missile Turret  
  175  19:49  Refinery  
  175  19:52  Battlecruiser x3  
  193  19:59  Refinery  
  193  20:16  Missile Turret  
  193  20:56  Battlecruiser  
  199  21:52  Orbital Command  
  199  21:55  Sensor Tower  
  163  22:34  Siege Tank x2  
  169  22:57  Refinery  
  169  23:04  Refinery  
  169  23:06  Siege Tank x2  
  175  23:15  Terran Vehicle And Ship Armor Level 2  
  175  23:38  Siege Tank x2  
  181  24:10  Siege Tank x2  
  186  24:42  Siege Tank x2  
  177  25:14  Siege Tank  
  177  25:18  Battlecruiser  
  165  27:43  Battlecruiser x3  
  183  27:45  Siege Tank  
  180  28:47  Battlecruiser x2  
  192  28:55  Refinery  
  192  29:22  Refinery  
  192  29:42  Orbital Command  
  192  30:18  Terran Infantry Weapons Level 3, Terran Infantry Armor Level 3  
  192  30:21  Terran Vehicle Weapons Level 3  
  192  30:22  Terran Ship Weapons Level 3  
  192  31:24  Siege Tank x2  
Show
View Real Time Build Order
Export as new Build Order

A.I. 2 (Harder) Terran 

Build Orders: MMM Bio 

Get SALT Encoding   

  12  0:01  SCV  
  13  0:13  SCV  
  14  0:18  Supply Depot  
  14  0:25  SCV  
  15  0:40  SCV  
  16  0:44  Barracks  
  16  0:50  Refinery  
  16  0:52  SCV  
  17  1:04  SCV  
  18  1:16  SCV  
  19  1:20  Supply Depot  
  19  1:29  SCV  
  19  1:30  Marine  
  21  1:41  Barracks, Orbital Command  
  21  1:49  Barracks Tech Lab, Refinery  
  21  2:07  Marine  
  22  2:09  Supply Depot  
  22  2:20  Factory  
  22  2:26  Marauder  
  24  2:41  Marine  
  25  2:48  Marine  
  26  2:59  Marine  
  27  3:06  Marine  
  27  3:10  Starport  
  27  3:12  Supply Depot  
  28  3:23  SCV  
  28  3:24  Marauder  
  31  3:35  SCV, Engineering Bay  
  32  3:45  Marauder  
  32  3:46  Starport Tech Lab  
  32  3:47  SCV  
  35  3:50  Supply Depot  
  35  3:59  SCV  
  36  4:04  Banshee  
  39  4:11  SCV  
  39  4:23  SCV  
  40  4:35  SCV  
  41  4:46  Banshee  
  41  4:50  SCV  
  44  4:59  Barracks Tech Lab  
  44  5:04  Factory  
  44  5:05  Factory Tech Lab, Ghost Academy, Stimpack  
  44  5:09  Starport  
  44  5:11  Command Center  
  44  5:23  Combat Shields  
  44  5:35  Ghost  
  44  5:41  Marine  
  47  5:45  Supply Depot  
  47  5:47  Starport Tech Lab  
  47  5:49  Factory Tech Lab  
  47  5:52  Terran Infantry Weapons Level 1  
  47  5:58  Marine  
  48  6:04  Marine  
  49  6:16  Marine  
  50  6:22  Marauder  
  50  6:24  SCV  
  50  6:25  SCV  
  54  6:30  Refinery  
  54  6:34  Refinery, Marine  
  54  6:36  SCV  
  57  6:40  SCV  
  57  6:42  Concussive Shells  
  57  6:44  Marauder  
  59  6:48  SCV  
  59  6:52  SCV, Marine  
  62  7:00  SCV  
  63  7:04  SCV, Ghost  
  66  7:09  Raven  
  66  7:10  Marauder  
  66  7:13  SCV  
  66  7:15  Supply Depot  
  71  7:16  SCV  
  72  7:25  SCV  
  72  7:28  SCV, Raven  
  72  7:29  Missile Turret  
  76  7:37  SCV  
  76  7:38  Missile Turret  
  76  7:42  Supply Depot  
  76  7:43  SCV  
  78  7:46  Terran Infantry Armor Level 1  
  78  7:49  SCV  
  79  7:55  SCV  
  80  8:00  Missile Turret  
  80  8:01  SCV  
  80  8:02  Bunker  
  81  8:07  SCV  
  82  8:13  SCV, Missile Turret  
  82  8:15  Sensor Tower  
  82  8:19  SCV  
  84  8:23  Supply Depot  
  84  8:25  SCV  
  85  8:31  SCV  
  85  8:32  Armory  
  86  8:37  Bunker  
  86  8:42  Barracks  
  86  8:47  Viking  
  88  8:57  Factory  
  88  9:07  Starport  
  88  9:12  Command Center  
  86  9:24  Siege Tank  
  86  9:29  Widow Mine  
  86  9:30  Barracks Reactor  
  91  9:33  Supply Depot  
  91  9:37  Viking  
  93  9:40  Medivac  
  93  9:41  Factory Tech Lab  
  93  9:42  Starport Reactor  
  95  9:56  Siege Tank  
  98  10:00  Supply Depot  
  98  10:04  Siege Tank  
  98  10:07  Medivac  
  101  10:09  Widow Mine  
  101  10:10  Medivac  
  107  10:25  Supply Depot  
  107  10:28  Thor, Viking  
  107  10:32  SCV  
  107  10:34  SCV, Viking  
  119  10:36  SCV, Raven  
  122  10:44  SCV  
  122  10:46  SCV  
  122  10:48  SCV  
  125  10:51  Supply Depot  
  125  10:53  Terran Infantry Weapons Level 2  
  125  10:57  SCV  
  126  10:58  SCV  
  126  11:00  SCV  
  128  11:09  SCV  
  128  11:10  SCV  
  130  11:13  SCV  
  130  11:17  Refinery, Terran Vehicle Weapons Level 1  
  130  11:21  SCV  
  130  11:22  Missile Turret  
  130  11:25  Missile Turret  
  131  11:34  Engineering Bay  
  131  11:35  Refinery  
  131  11:47  Bunker  
  131  11:53  Fusion Core  
  131  11:59  Armory, Terran Infantry Armor Level 2  
  131  12:16  Command Center  
  131  12:33  Marine x2  
  131  12:34  Marine x2  
  135  12:39  Supply Depot  
  135  12:51  Marine  
  135  12:52  Marauder, Marine x2  
  140  13:05  Supply Depot  
  140  13:09  Marine x2  
  140  13:10  Marine  
  142  13:12  Marine  
  128  13:27  Medivac, Marine x3  
  104  13:30  Marine  
  104  13:32  Refinery  
  102  13:35  Medivac  
  104  13:44  Marine  
  104  13:45  Marine x2  
  107  13:49  Marauder  
  107  13:53  Refinery  
  109  14:03  Marauder, Marine x2  
  113  14:10  Marauder  
  113  14:12  Missile Turret  
  113  14:15  Missile Turret  
  115  14:21  Marine x2  
  117  14:24  Marauder  
  117  14:31  Ghost  
  119  14:36  Bunker  
  121  14:38  Marine  
  121  14:39  Marine  
  121  14:45  Marine  
  124  14:56  Marine  
  124  14:57  Marine  
  126  15:00  Marauder  
  126  15:03  Marauder  
  130  15:12  Building Armor  
  130  15:13  Neosteel Frame  
  130  15:14  Marine x2  
  130  15:15  High Capacity Fuel Tanks  
  130  15:17  Terran Vehicle Weapons Level 2  
  130  15:19  Terran Vehicle And Ship Armor Level 1  
  130  15:21  Command Center, Ghost  
  132  15:25  Marauder  
  136  15:34  Viking  
  138  15:36  Banshee  
  138  15:38  Viking  
  138  15:41  Cyclone  
  146  15:43  Thor  
  146  15:46  Marauder  
  154  16:03  Banshee  
  147  16:32  Terran Infantry Weapons Level 3  
  147  16:44  Refinery  
  147  16:47  Missile Turret  
  147  16:49  Missile Turret  
  147  16:52  Refinery, Hi-Sec Auto Tracking  
  147  17:10  Bunker  
  147  17:13  Terran Ship Weapons Level 1  
  147  17:33  Terran Vehicle And Ship Armor Level 2  
  147  17:49  Terran Infantry Armor Level 3  
  149  19:03  Hellion  
  149  19:06  Hellion  
  149  19:07  Terran Vehicle Weapons Level 3  
  149  19:08  Siege Tank  
  149  19:09  Supply Depot  
  156  19:24  Hellion  
  156  19:27  Hellion  
  147  19:34  Infernal Pre-Igniter  
  145  19:40  Siege Tank  
  145  19:45  Siege Tank  
  151  19:48  Terran Ship Weapons Level 2, Siege Tank  
  154  20:07  Command Center  
  154  20:12  Siege Tank  
  157  20:17  Siege Tank  
  157  20:20  Siege Tank  
  163  21:21  Refinery  
  163  21:38  SCV  
  163  21:44  Terran Vehicle And Ship Armor Level 3  
  163  21:46  SCV  
  163  21:48  SCV  
  163  21:55  SCV x2  
  162  22:02  SCV  
  162  22:04  SCV  
  162  22:05  Missile Turret  
  162  22:06  Terran Ship Weapons Level 3  
  162  22:08  SCV, Refinery, Missile Turret  
  162  22:13  SCV  
  163  22:16  SCV, Marine  
  163  22:19  Marine  
  163  22:21  Viking, Raven  
  163  22:22  Viking x2  
  117  22:31  Marine  
  117  22:32  Bunker  
  117  22:34  Marine  
  117  22:35  Marauder  
  117  22:36  SCV, Hellion  
  123  22:37  Marauder  
  123  22:40  SCV, Hellion  
  123  22:42  Hellion  
  123  22:43  SCV  
  128  22:45  SCV  
  128  22:46  SCV  
  128  22:48  Marine  
  128  22:51  Viking, Marine  
  128  22:55  Marine  
  128  22:58  Siege Tank, Marine  
  130  23:01  Siege Tank  
  130  23:02  SCV  
  130  23:04  Raven  
  129  23:06  Marine  
  129  23:07  Hellion  
  129  23:09  Marine  
  133  23:13  Marine  
  133  23:16  Marine  
  135  23:21  Raven  
  135  23:24  Marine  
  135  23:25  SCV  
  138  23:27  Marine  
  138  23:29  Thor  
  138  23:31  Marine  
  146  23:34  Marine  
  146  23:36  SCV  
  147  23:42  Marine  
  147  23:45  Marine  
  149  24:12  SCV x2  
  149  24:13  SCV  
  149  24:18  SCV  
  149  24:20  SCV  
  148  24:24  SCV  
  148  24:25  SCV  
  148  24:27  SCV  
  148  24:29  Command Center  
  146  24:32  SCV x2  
  146  24:34  Raven  
  146  24:36  SCV  
  146  24:38  Raven  
  146  24:45  SCV  
  146  24:46  Siege Tank  
  146  24:49  Siege Tank  
  146  25:08  Command Center  
  146  25:12  Marine  
  146  25:19  Refinery  
  146  25:36  Refinery  
  146  25:44  Refinery  
  146  25:53  SCV  
  146  25:55  Missile Turret  
  146  26:03  SCV x2  
  145  26:06  SCV x4  
  145  26:08  Marine  
  145  26:10  Medivac  
  142  26:11  Siege Tank  
  142  26:13  Siege Tank  
  142  26:14  Refinery, Raven  
  142  26:15  SCV x2  
  142  26:16  Siege Tank  
  142  26:18  SCV x3  
  137  26:19  SCV  
  137  26:20  SCV  
  137  26:22  Missile Turret  
  136  26:27  SCV x2, Missile Turret  
  136  26:30  SCV x2  
  136  26:31  SCV  
  136  26:32  SCV x2  
  139  26:36  Missile Turret  
  139  26:39  SCV x2  
  136  26:42  SCV x2  
  136  26:43  Siege Tank  
  136  26:44  SCV x3, Bunker  
  135  26:51  SCV x2  
  134  26:54  SCV  
  134  26:55  SCV  
  134  26:56  SCV x2  
  134  26:58  Bunker  
  138  27:03  SCV  
  138  27:06  SCV  
  138  27:07  SCV  
  139  27:08  SCV  
  139  27:09  SCV  
  139  27:10  SCV  
  139  27:14  Raven, Marauder  
  128  27:15  SCV  
  128  27:18  SCV  
  128  27:20  SCV x2  
  128  27:21  SCV  
  128  27:22  SCV  
  132  27:28  SCV  
  133  27:30  SCV  
  133  27:32  SCV x2  
  133  27:33  SCV  
  133  27:34  SCV  
  138  27:39  Raven  
  138  27:40  SCV  
  138  27:42  SCV  
  137  27:44  SCV  
  137  27:45  SCV x2  
  137  27:46  SCV  
  137  27:49  Siege Tank  
  122  27:52  SCV, Siege Tank  
  122  27:54  Siege Tank  
  122  27:57  Raven, Marine  
  122  27:58  Medivac  
  78  27:59  SCV x2, Marine, Medivac  
  78  28:00  SCV x3  
  78  28:01  Marine  
  78  28:04  SCV, Marine  
  83  28:11  SCV  
  83  28:12  SCV x2  
  85  28:14  Marine  
  85  28:17  Marine  
  85  28:19  Marine  
  88  28:21  Marine  
  88  28:22  Hellion  
  88  28:24  Hellion  
  88  28:26  Hellion  
  95  28:29  Raven  
  95  28:32  Marine  
  95  28:35  Marine  
  95  28:37  Medivac, Marine  
  95  28:39  Marine  
  94  28:43  Hellion  
  94  28:45  Siege Tank  
  94  28:47  Siege Tank  
  101  28:50  Marine  
  101  28:52  Marine  
  101  28:55  Marine  
  104  28:56  Command Center  
  104  28:57  Marine  
  105  29:02  Raven  
  105  29:04  Siege Tank  
  105  29:08  Marauder  
  108  29:10  Marine  
  108  29:11  Raven  
  108  29:13  Marine  
  108  29:15  Marine  
  108  29:16  SCV  
  113  29:17  Siege Tank  
  113  29:19  Thor  
  122  29:28  Marine  
  122  29:29  Marine  
  122  29:30  Marine  
  125  29:33  Marine  
  125  29:35  Viking  
  125  29:36  Viking  
  128  29:45  Viking  
  128  29:46  Ghost  
  128  29:47  Marine  
  128  29:48  Marine  
  128  29:50  Marine  
  135  29:54  Viking  
  135  30:05  Marine  
  135  30:06  Marine  
  136  30:08  Marine  
  136  30:09  SCV  
  136  30:12  SCV  
  138  30:15  Raven, Marauder  
  127  30:23  Marine  
  127  30:24  Raven, Marine  
  127  30:26  Marine  
  119  30:36  Marauder  
  119  30:41  Marauder  
  122  30:58  Raven, Marauder  
  122  31:02  Marauder  
  126  31:05  Viking  
  126  31:06  Hellion, Viking  
  126  31:07  Viking  
  130  31:19  Marine  
  130  31:23  SCV  
  130  31:24  Marauder  
  130  31:26  SCV x2  
  130  31:27  SCV  
  124  31:35  SCV, Viking  
  124  31:36  Marine  
  124  31:38  SCV x2  
  124  31:39  SCV  
  104  31:45  Viking, Marine  
  104  31:46  Viking  
  93  31:47  SCV, Viking  
  93  31:50  SCV x2  
  93  31:51  SCV  
  93  31:59  SCV  
  97  32:02  SCV x2, Marine  
  97  32:03  SCV  
  92  32:12  SCV  
  92  32:14  SCV  
  92  32:15  SCV x2  
  75  32:18  Viking  
  54  32:23  Viking  
  54  32:25  Viking  
  54  32:26  SCV  
  20  32:48  Supply Depot  
  11  33:15  SCV  
  9  33:21  Supply Depot  
  10  33:27  SCV  
  6  33:34  Barracks  
Show
View Real Time Build Order
Export as new Build Order

A.I. 3 (Harder) Terran 

Build Orders: Bio Tank, MMM Bio 

Get SALT Encoding   

  12  0:01  SCV  
  13  0:13  SCV  
  14  0:18  Supply Depot  
  14  0:25  SCV  
  15  0:40  SCV  
  16  0:43  Barracks  
  16  0:50  Refinery  
  16  0:52  SCV  
  17  1:04  SCV  
  18  1:16  SCV  
  19  1:22  Supply Depot  
  19  1:29  SCV  
  19  1:30  Marine  
  21  1:42  Barracks, Orbital Command  
  21  1:48  Marine  
  21  1:51  Refinery  
  22  2:07  Barracks Tech Lab  
  22  2:10  Supply Depot  
  22  2:19  Factory  
  22  2:25  Marauder  
  24  2:31  Marine  
  25  2:46  Marine  
  25  2:51  Marine  
  27  3:04  Marine  
  27  3:05  Starport  
  28  3:10  Supply Depot  
  28  3:22  SCV, Marauder  
  32  3:34  SCV  
  32  3:37  Supply Depot  
  32  3:43  Starport Tech Lab  
  32  3:44  Marauder  
  32  3:45  Engineering Bay  
  32  3:46  SCV  
  35  3:58  SCV  
  35  4:02  Banshee  
  39  4:10  SCV  
  39  4:22  SCV  
  40  4:34  SCV  
  41  4:45  Banshee  
  44  4:47  SCV  
  44  5:02  Barracks Tech Lab, Marine  
  44  5:03  Stimpack  
  44  5:05  Factory Tech Lab, Factory  
  45  5:08  Starport  
  45  5:11  Command Center, Supply Depot  
  45  5:20  Combat Shields, Marine  
  46  5:27  Siege Tank  
  49  5:45  Starport Tech Lab  
  49  5:48  Terran Infantry Weapons Level 1  
  49  5:49  Factory Tech Lab  
  51  6:11  Marauder  
  51  6:21  Missile Turret  
  51  6:23  SCV x2  
  53  6:32  Refinery  
  53  6:33  Refinery  
  53  6:35  SCV  
  53  6:36  SCV, Siege Tank  
  53  6:39  Concussive Shells  
  58  6:47  SCV  
  58  6:48  SCV  
  60  6:56  Missile Turret  
  60  6:58  Siege Tank, Missile Turret  
  60  6:59  SCV  
  60  7:01  SCV  
  65  7:11  Missile Turret  
  65  7:12  SCV  
  65  7:13  SCV  
  65  7:14  Cyclone  
  70  7:16  Supply Depot  
  70  7:24  SCV  
  70  7:25  SCV  
  70  7:28  Bunker  
  72  7:32  Raven  
  72  7:36  SCV  
  75  7:37  SCV  
  75  7:39  Bunker  
  75  7:42  Terran Infantry Armor Level 1, Supply Depot  
  76  7:48  SCV  
  76  7:49  SCV  
  76  7:51  Raven  
  80  8:00  SCV  
  80  8:01  SCV, Sensor Tower  
  82  8:12  SCV  
  83  8:13  Armory  
  83  8:15  SCV  
  83  8:18  Barracks  
  84  8:21  Supply Depot  
  84  9:05  Medivac, Widow Mine  
  84  9:06  Medivac  
  84  9:09  Marine  
  91  9:10  Factory  
  91  9:13  Marine  
  91  9:15  Starport  
  91  9:16  Marine  
  93  9:19  Supply Depot  
  93  9:21  Command Center  
  93  9:27  Marine  
  93  9:31  Marine  
  79  9:34  Barracks Reactor  
  79  9:35  Medivac  
  79  9:36  Raven  
  73  9:45  Marine  
  74  9:48  Marine  
  74  9:51  Starport Reactor  
  75  9:54  Factory Tech Lab  
  75  10:00  Widow Mine  
  75  10:03  Marine  
  75  10:06  Marine  
  79  10:08  Thor  
  79  10:12  Marine  
  86  10:14  Supply Depot  
  86  10:16  Marine  
  86  10:18  Terran Infantry Weapons Level 2  
  86  10:20  Marine  
  88  10:25  Marauder  
  90  10:30  Marine  
  90  10:34  SCV x3, Marine  
  95  10:39  Marauder  
  95  10:41  Terran Vehicle Weapons Level 1  
  97  10:45  Marine  
  97  10:46  SCV x2  
  97  10:47  SCV  
  97  10:48  Marine  
  102  10:54  Refinery  
  102  10:58  SCV x2  
  102  10:59  SCV  
  102  11:00  Marauder  
  102  11:01  Missile Turret  
  107  11:07  Missile Turret  
  107  11:10  SCV  
  108  11:11  SCV  
  108  11:12  SCV  
  108  11:18  Ghost Academy  
  110  11:22  SCV  
  110  11:23  SCV, Fusion Core  
  110  11:24  SCV  
  112  11:30  Bunker  
  112  11:35  Engineering Bay  
  112  11:42  Armory  
  112  11:48  Refinery  
  112  12:00  Terran Infantry Armor Level 2  
  112  12:12  Command Center  
  112  12:29  Terran Ship Weapons Level 1  
  112  12:35  Terran Vehicle And Ship Armor Level 1  
  112  12:41  Marauder, Ghost, Marine x2  
  118  12:44  Supply Depot  
  118  12:59  Marine x2  
  118  13:02  Marine  
  121  13:09  Supply Depot  
  121  13:10  Marauder  
  123  13:17  Marine x2  
  125  13:20  Ghost  
  126  13:31  Marine  
  126  13:35  Marine x2  
  123  13:41  Refinery  
  123  13:46  Missile Turret  
  123  13:48  Raven  
  106  13:49  Marauder x2  
  106  13:52  Marine x2  
  95  13:56  Missile Turret  
  95  14:00  Refinery  
  95  14:03  Raven  
  97  14:10  Marauder, Marine x2, Medivac  
  97  14:11  Marauder  
  105  14:17  Medivac  
  107  14:24  Bunker  
  107  14:28  Marine x2  
  107  14:31  Marine x2, Medivac  
  113  14:46  Raven, Marine x2  
  113  14:49  Marine  
  113  14:50  Marauder  
  120  15:04  Marine x2  
  122  15:07  Marine  
  122  15:11  Marauder  
  125  15:20  High Capacity Fuel Tanks, Terran Infantry Weapons Level 3  
  125  15:21  Terran Infantry Armor Level 3, Marine  
  125  15:22  Marine  
  125  15:25  Marauder  
  125  15:26  Terran Vehicle Weapons Level 2, Terran Vehicle And Ship Armor Level 2  
  125  15:27  Command Center  
  129  15:33  Marauder  
  131  15:39  Marine  
  132  15:52  Hellion  
  132  15:54  Siege Tank  
  132  15:56  Hellion  
  139  16:05  Supply Depot  
  139  16:13  Siege Tank  
  139  16:17  Siege Tank  
  145  16:26  Hellion  
  145  16:28  Supply Depot  
  147  16:45  Siege Tank  
  150  16:47  Siege Tank  
  150  16:49  Thor, Refinery  
  150  16:52  Missile Turret  
  159  17:00  Missile Turret  
  159  17:03  Refinery  
  159  17:08  Supply Depot  
  159  17:17  Hellion  
  159  17:18  Infernal Pre-Igniter  
  159  17:19  Siege Tank  
  159  17:21  Bunker  
  164  17:32  Siege Tank  
  167  17:38  Siege Tank  
  167  17:41  Terran Ship Weapons Level 2  
  170  17:44  Terran Vehicle Weapons Level 3  
  170  17:51  Siege Tank  
  170  17:57  SCV, Neosteel Frame  
  173  17:58  Hi-Sec Auto Tracking  
  173  18:49  Liberator  
  173  18:55  Building Armor  
  173  19:04  Liberator  
  176  19:12  Battlecruiser  
  176  19:16  Viking  
  183  19:22  SCV, Advanced Ballistics  
  143  19:27  Cyclone  
  143  19:28  Missile Turret  
  106  19:32  Marine  
  106  19:34  Command Center  
  106  19:37  Marine  
  108  19:43  Marine  
  109  19:48  Marine  
  110  19:53  Marine  
  110  19:57  Terran Vehicle And Ship Armor Level 3  
  110  19:58  Marine  
  112  20:03  Marine  
  113  20:08  Marine  
  113  20:14  Marauder  
  116  20:17  Liberator  
  116  20:19  Marauder  
  118  20:21  Terran Ship Weapons Level 3  
  118  20:22  Liberator  
  118  20:24  Battlecruiser, Weapon Refit  
  124  20:29  Viking  
  132  20:45  Marauder  
  134  20:50  Marauder  
  134  20:53  Refinery  
  134  20:55  Missile Turret  
  136  20:57  Missile Turret  
  136  20:59  Battlecruiser  
  136  21:00  Refinery  
  142  21:21  Bunker  
  142  21:28  Battlecruiser  
  142  21:30  Behemoth Reactor  
  148  22:11  Liberator  
  148  22:27  SCV  
  151  22:30  SCV  
  151  22:35  Viking  
  151  22:36  SCV, Viking  
  151  22:37  SCV x2, Missile Turret  
  155  22:40  SCV  
  155  22:42  SCV  
  148  22:48  SCV  
  148  22:49  SCV x2  
  146  22:52  SCV, Marine  
  146  22:54  SCV  
  146  22:57  Cyclone  
  129  23:00  SCV  
  129  23:01  SCV  
  129  23:02  SCV, Marine  
  129  23:04  SCV  
  129  23:05  Raven  
  111  23:06  Viking, Marine x2  
  111  23:07  Hellion, Viking  
  111  23:08  Hellion  
  111  23:10  Marine  
  111  23:11  Battlecruiser  
  108  23:18  Command Center, SCV  
  108  23:19  SCV x2, Liberator  
  107  23:20  Refinery, Marine  
  107  23:23  Marine  
  107  23:24  Marine  
  107  23:25  Refinery  
  110  23:27  Marine  
  110  23:28  SCV  
  110  23:29  Hellion  
  113  23:38  Medivac, Marine  
  119  23:41  Marine x2  
  119  23:46  Marauder  
  119  23:48  Medivac  
  125  23:51  Liberator  
  125  23:55  Marine  
  125  23:59  Marine x2  
  125  24:00  Liberator  
  128  24:07  Marine  
  132  24:14  Marauder  
  134  24:17  Marine x2  
  139  24:24  Ghost  
  141  24:35  Marine x3  
  144  24:39  Bunker  
  144  24:40  Command Center  
  144  24:52  Marine x2  
  144  24:53  Marine x2  
  148  25:10  Marine x2  
  148  25:11  Marine, Marauder  
  153  25:28  Marine  
  153  25:29  Marauder  
  153  25:32  Marauder  
  158  25:51  Marauder  
  158  25:53  Ghost  
  162  25:59  Refinery  
  162  26:09  Marine  
  162  26:11  Missile Turret  
  155  26:12  Marauder  
  155  26:15  Refinery, Missile Turret  
  155  26:16  Widow Mine  
  157  26:20  Widow Mine  
  157  26:21  SCV  
  157  26:22  Marauder  
  157  26:23  Marine  
  127  26:27  Siege Tank, Marine  
  127  26:31  Raven  
  96  26:33  Marine  
  96  26:36  SCV  
  96  26:37  Medivac  
  96  26:38  Bunker  
  89  26:40  Medivac  
  89  26:41  Marine  
  89  26:43  Marine  
  89  26:44  Marine  
  89  26:45  Siege Tank  
  95  26:51  Marine  
  96  26:59  Marine  
  96  27:01  Marine  
  98  27:02  Marine  
  99  27:08  Marine  
  99  27:10  Viking x2  
  99  27:11  Hellion, Viking  
  99  27:12  SCV, Hellion  
  99  27:13  SCV x2  
  99  27:14  SCV, Viking  
  99  27:15  SCV x2  
  106  27:17  Marine  
  106  27:18  Hellion  
  106  27:19  Marine  
  106  27:20  Marine  
  106  27:21  Missile Turret  
  107  27:24  SCV  
  107  27:25  SCV x2  
  107  27:27  SCV x2, Marauder  
  107  27:28  SCV  
  115  27:32  Hellion  
  115  27:34  Marine  
  115  27:35  Missile Turret  
  115  27:36  SCV, Marine  
  118  27:37  SCV  
  118  27:38  SCV, Marine  
  118  27:39  SCV, Missile Turret  
  118  27:40  Medivac  
  118  27:41  Refinery  
  124  27:48  SCV, Marine  
  125  27:52  Marine  
  125  27:53  SCV  
  125  27:54  SCV x3, Missile Turret, Marine  
  125  27:55  Raven  
  125  27:56  Marine  
  123  27:59  Missile Turret  
  123  28:00  SCV  
  123  28:04  Missile Turret  
  114  28:05  SCV  
  114  28:06  SCV x2, Marauder  
  114  28:07  SCV  
  114  28:10  Marine  
  121  28:13  Marauder  
  121  28:17  SCV  
  121  28:18  SCV x2  
  121  28:19  SCV  
  116  28:22  Raven  
  104  28:27  Marauder  
  104  28:30  SCV x3  
  104  28:31  SCV  
  101  28:34  Marauder  
  101  28:38  Raven  
  103  28:42  SCV x3  
  103  28:43  SCV  
  103  28:49  Marauder  
  103  28:54  SCV x3  
  88  29:05  Raven  
  88  29:06  SCV x2  
  88  29:07  SCV  
  89  29:18  SCV x2  
  89  29:20  Cyclone  
  94  29:30  SCV x2  
  93  29:39  Raven  
  93  29:42  SCV x2  
  93  29:54  SCV, Medivac  
  93  29:55  SCV, Marine  
  95  30:06  SCV  
  92  30:07  SCV, Marine  
  93  30:18  SCV  
  93  30:19  SCV  
  95  30:22  Raven  
  95  30:24  Raven  
  95  30:25  Hellion, Marine  
  95  30:27  Marine  
  95  30:28  Hellion, Marine x2  
  99  30:30  SCV  
  99  30:32  SCV  
  60  30:43  Marine  
  60  30:45  Marine  
  60  30:46  Hellion, Marine x2  
  60  30:48  SCV  
  50  30:51  Hellion  
  50  30:55  SCV  
  36  31:00  SCV  
  36  31:01  Marine  
  36  31:02  Marine  
  36  31:03  Marine  
  36  31:04  Marine  
  32  31:05  Viking  
  32  31:07  SCV, Hellion  
  19  31:18  SCV  
  19  31:19  SCV  
  19  31:20  Marine  
  16  31:35  SCV  
  7  31:47  SCV  
  7  31:59  SCV  
  7  32:11  Supply Depot, SCV  
  8  32:18  Barracks  
  8  32:33  SCV  
  8  32:35  Supply Depot  
  9  32:43  Command Center  
  9  32:45  SCV  
  9  33:05  Marine  
  9  33:07  Orbital Command  
  6  33:20  Barracks  
Tags
 
Add a new tag
Caveats
  • Supply blocks, unpowered buildings, or Contaminate may cause inaccurate times.
  • Supply counts are checked every 10 seconds.